AoeStats
← Mr. Penis

Black Forest

503380143Analyzed
4v4 RM · 1mo ago on Aug 31, 2026· 40m 21s· 8 players
Game mode
Random Map
Map size
Large (8 player)
Population
200
Speed
Normal
Resources
Standard
Victory
Conquest
Starting age
Dark Age
Ending age
Imperial Age
RankedLock teamsTeams togetherTeam positionsShared explorationLock speedFull tech treeHidden civsTurbo modeCheats
Victory
Defeat
🇷🇺 Tatars · Russia
1211
+17
🇨🇳 Turks · China
1201
+18
🇦🇷 Khmer · Argentina
1173
+19
🇨🇳 Franks · China
1116
+29
🇮🇱 Armenians · Israel
1263
-20
🇯🇵 Lithuanians · Japan
1257
-20
🇭🇰 Khmer · Hong Kong SAR China
1237
-19
🇨🇳 Koreans · China
1204
-17
王小布
1:18 Loom
11:59 Feudal Age
16:14 Castle Age
14:49 Horse Collar
14:57 Double-Bit Axe
17:33 Fletching
23:31 Gold Mining
25:35 Gold Shaft Mining
24:51 Stone Mining
25:45 Wheelbarrow
25:52 Heavy Plow
31:07 Imperial Age
28:33 Stone Mining
28:44 Bodkin Arrow
29:17 Eupseong
31:05 Stone Shaft Mining
31:07 Hand Cart
33:20 Chemistry
34:01 Bow Saw
34:51 Shinkichon
34:52 Conscription
38:07 Bracer
claretta's skirt
0:37 Loom
14:47 Feudal Age
18:43 Castle Age
17:21 Double-Bit Axe
19:57 Fletching
虫
11:36 Feudal Age
11:51 Feudal Age
15:08 Castle Age
13:31 Double-Bit Axe
14:17 Horse Collar
16:41 Bow Saw
16:34 Heavy Plow
23:23 Wheelbarrow
23:23 Gold Mining
23:24 Stone Mining
24:57 Hand Cart
25:21 Gold Shaft Mining
29:14 Imperial Age
26:30 Loom
27:48 Scale Barding Armor
27:55 Forging
27:54 Town Watch
28:13 Husbandry
28:23 Bloodlines
28:54 Chain Barding Armor
29:47 Town Patrol
30:34 Plate Barding Armor
30:34 Iron Casting
30:05 Tusk Swords
30:49 Conscription
31:27 Stone Shaft Mining
31:37 Crop Rotation
32:02 Elite Battle Elephant
36:51 Blast Furnace
Mike
4:38 Loom
12:42 Feudal Age
16:26 Castle Age
14:58 Double-Bit Axe
16:05 Horse Collar
17:34 Bow Saw
19:17 Heavy Plow
21:32 Gold Mining
23:30 Gold Shaft Mining
24:40 Wheelbarrow
24:09 Stone Mining
24:39 Fletching
24:50 Padded Archer Armor
25:30 Bodkin Arrow
26:37 Leather Archer Armor
27:11 Hand Cart
28:36 Town Watch
28:54 Scale Mail Armor
32:00 Imperial Age
29:58 Chain Mail Armor
32:47 Bracer
33:53 Chemistry
33:16 Ballistics
34:02 Chemistry
33:14 Man-at-Arms
33:18 Crossbowman
33:47 Elite Composite Bowman
34:26 Long Swordsman
34:53 Gambesons
36:06 Two-Handed Swordsman
37:17 Plate Mail Armor
36:58 Forging
37:21 Ring Archer Armor
37:22 Plate Mail Armor
37:02 Forging
37:36 Champion
38:19 Pikeman
大调
11:21 Feudal Age
15:25 Castle Age
13:27 Double-Bit Axe
16:14 Loom
19:31 Bow Saw
22:44 Wheelbarrow
24:12 Gold Mining
26:21 Hand Cart
27:54 Gold Shaft Mining
27:10 Stone Mining
31:52 Imperial Age
29:47 Forging
29:43 Scale Barding Armor
33:32 Chivalry
33:53 Conscription
33:13 Cavalier
33:53 Husbandry
34:57 Iron Casting
34:42 Chain Barding Armor
34:20 Paladin
37:19 Plate Barding Armor
38:31 Blast Furnace
40:00 Caravan
779567130
2:35 Loom
12:20 Feudal Age
14:56 Double-Bit Axe
14:54 Horse Collar
15:00 Fishing Lines
17:56 Castle Age
16:44 Stone Mining
18:33 Gillnets
24:51 Bow Saw
28:00 Wheelbarrow
27:31 Heavy Plow
27:46 Gold Mining
31:57 Imperial Age
29:13 Town Watch
30:16 Ballistics
30:16 Masonry
31:09 Hand Cart
32:14 Caravan
32:06 Heavy Scorpion
32:49 Double Crossbow
33:10 Conscription
33:56 Chemistry
33:02 Siege Engineers
33:10 Fortified Wall
38:11 Capped Ram
40:11 Stone Shaft Mining
40:11 Gold Shaft Mining
39:42 Siege Ram
烤乳猪
1:41 Loom
14:25 Feudal Age
18:04 Castle Age
17:03 Double-Bit Axe
20:26 Bow Saw
24:10 Imperial Age
22:16 Horse Collar
24:18 Padded Archer Armor
26:00 Leather Archer Armor
34:59 Wheelbarrow
35:27 Two-Man Saw
38:41 Ring Archer Armor
Mr. Penis
12:44 Feudal Age
13:38 Feudal Age
17:18 Castle Age
15:30 Double-Bit Axe
15:27 Horse Collar
19:06 Bow Saw
21:35 Loom
22:25 Wheelbarrow
21:36 Town Watch
24:07 Fishing Lines
27:10 Heavy Plow
28:04 Gold Mining
29:43 Gold Shaft Mining
28:58 Stone Mining
28:56 Demolition Ship
29:28 Gillnets
29:57 Hand Cart
29:42 Town Patrol
30:10 Fervor
32:50 Imperial Age
31:05 Scale Barding Armor
31:16 Scale Barding Armor
31:22 Forging
33:02 Coinage
32:57 Chain Barding Armor
33:32 Silk Armor
34:35 Conscription
34:57 Plate Barding Armor
34:57 Iron Casting
34:13 Fletching
34:35 Guilds
34:56 Banking
34:13 Treadmill Crane
34:45 Masonry
34:56 Ballistics
35:10 Crop Rotation
34:51 Husbandry
35:01 Bloodlines
35:18 Timurid Siegecraft
34:36 Elite Steppe Lancer
Connection lost

Rejoining the realm…

Still unreachable

The connection could not be restored.

Session expired

The server has moved on; the page needs a fresh start.